Map: Kairos Junction LE

Players

Creed - Winner!

  • Race: Terran Terran
  • Spawn Location: 5:00

BluE

  • Race: Protoss Protoss
  • Spawn Location: 11:00

Event: 2019 WCS Summer

VOD

Have the link to the VOD?

Description

Time

  • Played on: July 12, 2019, 10:13 a.m.
  • Length: 9:39

All games in this series

Show
View Real Time Build Order
Export as new Build Order

Creed Terran - Winner!

Build Orders: Gas First Reaper Expand 

Get SALT Encoding   

  12  0:00  SCV  
  13  0:12  SCV  
  14  0:16  Supply Depot  
  14  0:25  SCV  
  15  0:29  Refinery  
  15  0:38  SCV  
  16  0:44  Barracks  
  16  0:50  SCV  
  17  1:02  SCV  
  18  1:14  SCV  
  19  1:24  Engineering Bay  
  19  1:31  Orbital Command  
  19  1:32  Reaper  
  20  1:59  SCV, Command Center  
  21  2:09  Factory  
  21  2:11  Barracks Reactor  
  21  2:15  SCV  
  22  2:22  Refinery  
  22  2:24  Supply Depot  
  22  2:27  SCV  
  23  2:46  SCV  
  23  2:47  Marine x2  
  26  2:54  Starport  
  26  2:55  Factory Tech Lab  
  26  2:57  Hellion  
  26  2:58  SCV  
  29  3:04  Marine x2  
  31  3:10  SCV  
  32  3:16  Orbital Command  
  32  3:18  Hellion  
  33  3:22  Marine x2  
  33  3:25  SCV  
  36  3:31  Medivac  
  38  3:35  Orbital Command  
  38  3:51  SCV  
  38  3:54  Hellion x2  
  38  3:55  Bunker, Marine  
  44  3:59  Supply Depot  
  44  4:02  SCV  
  45  4:18  Barracks Tech Lab  
  45  4:20  Viking  
  45  4:21  Hellion x2, Supply Depot  
  51  4:25  SCV x2  
  53  4:34  Supply Depot  
  53  4:37  SCV  
  54  4:40  Liberator  
  54  4:42  SCV  
  55  4:47  Marine  
  55  4:48  Marine  
  55  4:49  Siege Tank  
  60  4:52  Barracks  
  60  4:54  Barracks  
  60  4:59  SCV x2  
  62  5:13  Marine x2  
  59  5:15  SCV x2  
  57  5:27  SCV x2  
  57  5:28  Siege Tank  
  56  5:30  Marine  
  56  5:34  Engineering Bay  
  57  5:39  SCV x2  
  57  5:40  Starport Reactor, Supply Depot  
  57  5:41  Barracks Tech Lab x2  
  59  5:47  Marine  
  59  5:48  Marine  
  59  5:49  Refinery x2  
  61  5:51  SCV x2  
  63  6:00  Siege Tank  
  63  6:01  Terran Infantry Weapons Level 1  
  63  6:03  Stimpack  
  66  6:04  Marine x2  
  66  6:05  SCV  
  66  6:06  SCV  
  66  6:09  Marine x2  
  72  6:14  Combat Shield  
  72  6:18  Supply Depot  
  72  6:19  Supply Depot  
  72  6:22  SCV x2, Marine x2  
  76  6:26  Marine  
  77  6:33  Marine  
  77  6:38  Supply Depot x2  
  77  6:39  Medivac x2, Supply Depot  
  82  6:40  Marine  
  83  6:49  Missile Turret, Marine, Marauder  
  83  6:50  Missile Turret  
  83  7:04  Marine x2  
  85  7:10  Siege Tank  
  85  7:11  Marauder  
  85  7:14  SCV x2  
  92  7:19  Command Center  
  92  7:20  Marine  
  95  7:23  Marauder  
  94  7:33  SCV x2  
  94  7:34  Concussive Shells, Barracks  
  94  7:35  Barracks  
  94  7:36  Marine  
  99  7:37  Marauder  
  99  7:39  Medivac x2  
  99  7:44  Siege Tank  
  106  7:45  SCV  
  106  7:48  Marine  
  106  7:49  Marauder  
  109  8:08  Marine x2, Marauder  
  109  8:09  Viking x2  
  116  8:25  Barracks Tech Lab  
  116  8:26  Barracks Tech Lab, Marauder  
  118  8:30  Siege Tank, Supply Depot x2  
  121  8:37  Marine x2, Marauder  
  121  8:38  Orbital Command  
  121  8:40  SCV x2  
  122  8:45  Engineering Bay  
  122  8:46  Armory  
  122  8:48  Marauder  
  124  8:57  Viking x2  
  124  8:59  Marine x2  
  124  9:00  Marauder  
  132  9:07  Orbital Command  
  122  9:11  Marine  
  122  9:12  Marauder  
  122  9:14  Marauder  
  122  9:15  SCV  
  122  9:16  SCV  
  125  9:20  Marine x2  
  129  9:25  Starport  
Show
View Real Time Build Order
Export as new Build Order

BluE Protoss 

Build Orders:  

Get SALT Encoding   

  12  0:00  Probe  
  13  0:12  Probe  
  14  0:17  Pylon  
  14  0:23  Probe  
  15  0:34  Probe  
  15  0:35  Gateway  
  16  0:43  Probe  
  16  0:48  Assimilator  
  17  0:55  Probe  
  18  1:07  Probe  
  19  1:19  Probe  
  19  1:24  Cybernetics Core  
  20  1:31  Probe  
  21  1:35  Pylon  
  23  1:53  Probe, Adept  
  24  2:04  Warp Gate, Assimilator  
  24  2:05  Probe  
  25  2:14  Nexus  
  25  2:19  Probe  
  28  2:33  Probe  
  27  2:37  Robotics Facility  
  27  2:44  Pylon  
  27  2:45  Probe  
  28  2:53  Stalker  
  28  2:57  Probe  
  30  3:09  Probe  
  31  3:18  Gateway, Probe  
  31  3:19  Gateway  
  31  3:25  Probe  
  31  3:26  Observer  
  33  3:27  Probe  
  33  3:33  Probe  
  35  3:39  Probe  
  35  3:41  Assimilator  
  37  3:43  Probe  
  38  3:49  Observer  
  38  3:51  Probe  
  38  3:52  Stalker  
  38  3:55  Probe  
  43  4:02  Pylon  
  43  4:03  Probe  
  43  4:04  Assimilator  
  43  4:06  Assimilator  
  43  4:07  Probe  
  45  4:11  Observer  
  45  4:13  Stalker  
  45  4:15  Probe  
  45  4:17  Probe  
  49  4:21  Robotics Bay  
  50  4:25  Probe  
  50  4:28  Probe  
  50  4:31  Stalker  
  54  4:33  Probe  
  54  4:38  Stalker  
  57  4:43  Stalker  
  57  4:44  Probe  
  60  4:49  Pylon  
  60  4:55  Stalker  
  62  5:06  Stalker  
  62  5:07  Stalker  
  46  5:21  Probe x2  
  46  5:25  Warp Prism  
  44  5:29  Probe x2  
  46  5:39  Probe x2  
  50  5:45  Sentry x2  
  54  5:51  Probe  
  54  5:54  Forge  
  55  5:57  Probe  
  55  6:01  Colossus  
  55  6:03  Probe  
  57  6:16  Probe  
  65  6:18  Probe  
  65  6:23  Pylon  
  63  6:28  Probe  
  63  6:31  Probe  
  64  6:45  Probe x2  
  66  6:49  Extended Thermal Lance, Colossus  
  66  6:54  Protoss Ground Weapons Level 1  
  64  7:05  Probe x2  
  72  7:14  Observer, Pylon  
  68  7:17  Probe x2  
  68  7:21  Sentry x2  
  74  7:29  Probe x2  
  76  7:30  Twilight Council  
  76  7:39  Adept  
  76  7:41  Probe  
  79  7:45  Adept x2, Pylon  
  83  7:52  Colossus  
  83  7:58  Twilight Council  
  88  8:08  Pylon  
  88  8:15  Nexus  
  86  8:25  Adept x3  
  92  8:28  Probe  
  93  8:38  Dark Shrine  
  91  8:52  Zealot x3  
  91  8:53  Probe x2  
  99  8:59  Gateway x2  
  76  9:14  Zealot x3  
  81  9:36  Zealot x2  
Tags
 
Add a new tag
Caveats
  • Supply blocks, unpowered buildings, or Contaminate may cause inaccurate times.
  • Supply counts are checked every 10 seconds.